 Dungeon Crawl Stone Soup version 0.28-a0-1518-gbe868bca14 (webtiles) character file.

Game seed: 13522426292131949017

2 Essalna the Sneak (level 1, -1/20 HPs)
             Began as a Djinni Delver on Jan 17, 2022.
             Slain by an ogre (7 damage)
             ... on level 4 of the Dungeon.
             The game lasted 00:00:52 (183 turns).

Essalna the Sneak (Djinni Delver)                    Turns: 183, Time: 00:00:52

Health: -1/20      AC:  3    Str: 11    XL:     1   Next: 33%
Gold:   0          EV: 12    Int: 11    God:
                   SH:  0    Dex: 14

rFire   + + .      SeeInvis .   a - +0 falchion
rCold   x . .      Faith    .   (no shield)
rNeg    . . .      Spirit   .   b - +0 leather armour
rPois   ∞          Reflect  .   (no helmet)
rElec   .          Harm     .   (no cloak)
rCorr   .          Rampage  .   (no gloves)
Will    .....                   (boots unavailable)
Stlth   ++........              (no amulet)
HPRegen 0.06/turn               (no ring)
MPRegen 0.00/turn               (no ring)

@: flying
A: sickness immunity, fire resistance 2, cold vulnerability 1, float, innate
caster, hp casting, extra vitality 1
a: no special abilities


You were on level 4 of the Dungeon.
You visited 1 branch of the dungeon, and saw 2 of its levels.

Inventory:

Hand Weapons
 a - a +0 falchion (weapon)
Armour
 b - a +0 leather armour (worn)
Wands
 g - a wand of digging (3)
Scrolls
 c - a scroll of fog
 d - a scroll of magic mapping
 e - 2 scrolls of fear
Potions
 f - a potion of haste


   Skills:
 - Level 3.0 Fighting
 - Level 1.7 Long Blades
 - Level 2.1 Dodging
 - Level 4.1 Stealth
 + Level 0.3 Spellcasting


You couldn't memorise any spells.
You didn't know any spells.
Your spell library was empty.

Dungeon Overview and Level Annotations

Branches:
Dungeon (5/15)
 Temple: D:4-7

Altars:

Shops:
D:5 !

Annotations:
D:4 Ijyb


Innate Abilities, Weirdness & Mutations

You are immune to sickness and miasma.
You are immune to poison.
Your flesh is very heat resistant. (rF++)
You are vulnerable to cold. (rC-)
You float through the air rather than walking.
You learn spells naturally, not from books.
Your magical power is your life essence.
You have superior vitality. (+4 MHP)


Message History

You reach down and open the door.
There is an open door here.
You reach down and open the door.
There is an open door here.
You reach down and open the door.
Found a robe.
Found a stone staircase leading down.
There is an open door here.
An orc wizard and an orc come into view.
You hear the slow hiss of an avalanche of sand very nearby.
The orc wizard shouts!
A howler monkey skeleton comes into view.
The orc wizard points at you and mumbles some strange words.
The magic dart hits you.
The orc wizard casts a spell.
The orc wizard flickers and vanishes!
Deactivating autopickup; reactivate with Ctrl-A.
An orc is nearby!
An orc is nearby!
An orc is nearby!
An orc is nearby!
An orc is nearby!
A magic dart appears from out of thin air!
The magic dart hits you.
A puff of flame appears from out of thin air!
The puff of flame hits you. You resist.
There is a strange disturbance nearby!
A magic dart appears from out of thin air!
The magic dart hits you!
* * * LOW HITPOINT WARNING * * *
There is an escape hatch in the ceiling here.
A mysterious force pulls you upwards. The hatch slams shut behind you.
Reactivating autopickup.
Found 17 gold pieces, a helmet and a scroll labelled ELUPOU TU GELL.
Found a stone staircase leading up.
The ogre shouts!
An endoplasm comes into view.
There is a stone staircase leading up here.
The endoplasm quivers.
The ogre hits you with a +0 giant club!
You die...

##....# #.....#
.....# # ....#
#. #. ...# ...
#..###..###.###
.J.............
#..@.......
#...O......
#.......... .
#...#....## .g.
##......#g#
...g.#.....#.#
# #.......#.#
#..#....#.#
....##.......g


You could see an ogre, Ijyb (wandering) and an endoplasm.

Vanquished Creatures
  An orc (D:5)
1 creature vanquished.

Notes
Turn   | Place    | Note
-------+----------+-------------------------------------------
     0 | D:5      | Essalna the Djinni Delver began the quest for the Orb.
     0 | D:5      | Reached XP level 1. HP: 20/20 MP: 0/0
    55 | D:5      | Found Hituch's Distillery.
   150 | D:5      | Noticed an orc wizard
   176 | D:4      | Noticed Ijyb
   176 | D:4      | Noticed an ogre
   183 | D:4      | Slain by an ogre

Illustrated notes

Levels and vault maps discovered:
D:4:      minmay_diamond_boxcup, layout_rooms, serial_shops,
          nicolae_shop_hallway_plus, uniq_ijyb
D:5:      layout_gridville, minmay_temple_entry_hall,
          nicolae_ossuary_entry_catacombs, serial_shops, nicolae_diamond_shop

Action                   || total
-------------------------++-------
Melee: Falchion          ||     2

Table legend: (Time is in decaauts)
 A = Elapsed time spent in this place.
 B = Non-inter-level travel time spent in this place.
 C = Inter-level travel time spent in this place.
 D = Time resting spent in this place.
 E = Time spent auto-exploring this place.
 F = Levels seen in this place.
 G = Mean time per level.
                   A        B        C        D        E       F      G
               +--------+--------+--------+--------+--------+-----+--------+
         Total |    184 |    176 |      8 |      0 |    118 |   2 |   92.0 |
       Dungeon |    184 |    176 |      8 |      0 |    118 |   2 |   92.0 |
               +--------+--------+--------+--------+--------+-----+--------+

Top non-repeatable levels by time:
     D:5: 174 daAuts
     D:4: 9 daAuts
